 Dungeon Crawl Stone Soup version 0.31-a0-848-gaac375c287 (webtiles) character file.

Game seed: 12112849286860501062

57754 Fodor the Impaler (level 14, -3/126 HPs)
             Began as a Minotaur Fighter on Oct 2, 2023.
             Was an Initiate of Gozag.
             Slain by an eight-headed hydra (7 damage)
             ... on level 2 of the Lair of Beasts on Oct 4, 2023.
             The game lasted 01:40:30 (15864 turns).

Fodor the Impaler (Minotaur Fighter)               Turns: 15864, Time: 01:40:31

Health: -3/126     AC: 19    Str: 31    XL:     14   Next: 46%
Magic:  13/13      EV: 16    Int:  5    God:    Gozag
Gold:   1602       SH:  0    Dex: 11    Spells: 13/13 levels left

rFire   . . .        s - +1 lajatang
rCold   . . .        (shield currently unavailable)
rNeg    . . .        A - +3 storm dragon scales
rPois   .            (helmet currently unavailable)
rElec   +            (cloak currently unavailable)
rCorr   .            (gloves currently unavailable)
SInv    .            (boots currently unavailable)
Will    +....        k - amulet of regeneration Stlth
                     p - +5 ring of evasion
HPRegen 1.21/turn    v - +6 ring of strength
MPRegen 0.13/turn

%: no passive effects
@: about to teleport, beast-form, gold aura, studying Long Blades
A: beast (slay +3), horns 2, retaliatory headbutt
a: Begin Untransformation, Renounce Religion, Potion Petition, Call Merchant,
Bribe Branch


You were on level 2 of the Lair of Beasts.
You worshipped Gozag.
Gozag was most pleased with you.
You were a hulking beast.
You visited 3 branches of the dungeon, and saw 18 of its levels.
You also visited: Sewer.

You collected 3712 gold pieces.
You spent 1326 gold pieces at shops.
You paid 784 gold pieces to Gozag.

Inventory:

Hand Weapons
 c - a +3 vampiric halberd
 s - a +1 lajatang (weapon)
 K - a +0 shortbow
Missiles
 d - 5 throwing nets
 h - 20 poisoned darts
 r - 2 javelins
 X - 3 boomerangs (quivered)
Armour
 x - the +2 kite shield "Balask" {+Blink SInv}
   (You took it off a gnoll sergeant on level 4 of the Dungeon)

   SInv:      It lets you see invisible.
   +Blink:    It lets you blink.
 A - +3 storm dragon scales (worn)
 B - a +2 pair of gloves
 N - a +1 pair of boots of stealth
Jewellery
 k - an amulet of regeneration (around neck)
 o - a ring of fire
 p - a +5 ring of evasion (left hand)
 v - a +6 ring of strength (right hand)
 C - a ring of poison resistance
 I - a ring of see invisible
 J - the amulet "Lorhari" {RegenMP Harm rElec MP+9 Int-2}
   (You found it on level 6 of the Dungeon)

   [amulet of magic regeneration]

   RegenMP:   It increases your rate of magic regeneration.
   Int-2:     It affects your intelligence (-2).
   rElec:     It insulates you from electricity.
   MP+9:      It affects your magic capacity (+9).
   Harm:      It increases damage dealt and taken.
 O - a +4 ring of protection
Talismans
 f - a storm talisman
 g - a beast talisman (active)
 W - a maw talisman
Wands
 b - a wand of light (24)
 l - a wand of paralysis (5)
 q - a wand of mindburst (47)
 w - a wand of flame (48)
 E - a wand of roots (15)
Scrolls
 e - 4 scrolls of amnesia
 j - 8 scrolls of teleportation
 t - 2 scrolls of blinking
 u - a scroll of vulnerability
 y - a scroll of summoning
 D - 2 scrolls of revelation
 T - 2 scrolls of poison
Potions
 a - a potion of mutation {unknown}
 i - a potion of brilliance {unknown}
 n - 2 potions of berserk rage {unknown}
 F - 3 potions of invisibility {unknown}
 G - 2 potions of might
 L - 2 potions of degeneration {unknown}
 M - a potion of resistance {unknown}
 P - 4 potions of cancellation
 Q - 8 potions of ambrosia
 R - 2 potions of enlightenment {unknown}
 S - 2 potions of lignification {unknown}
 U - a potion of attraction {unknown}
 V - a potion of heal wounds {unknown}
Miscellaneous
 m - a tin of tremorstones (1/2)
 z - a lightning rod (4/4)


   Skills:
 + Level 12.0 Fighting
 + Level 3.9 Long Blades
 + Level 3.3(4.8) Maces & Flails
 + Level 15.6(15.9) Polearms
 + Level 5.3(11.7) Staves
 + Level 3.7 Throwing
 + Level 14.0 Armour
 + Level 5.8 Dodging
 + Level 2.7 Stealth
 + Level 13.3 Shields
 + Level 0.1 Evocations
 + Level 6.4 Shapeshifting


You had 13 spell levels left.
You didn't know any spells.
Your spell library contained the following spells:

 Spells                   Type           Power      Damage    Failure   Level
 Apportation              Tloc           0%         N/A       86%         1
 Freeze                   Ice            0%         1d3       86%         1
 Magic Dart               Conj           0%         1d3       86%         1
 Necrotise                Necr           0%         1d4       86%         1
 Summon Small Mammal      Summ           0%         N/A       86%         1
 Searing Ray              Conj           0%         2d4       95%         2
 Static Discharge         Conj/Air       0%         2-2/arc   95%         2
 Call Canine Familiar     Summ           0%         N/A       99%         3
 Dazzling Flash           Conj/Hex       0%         N/A       99%         3
 Frozen Ramparts          Ice            0%         1d1       99%         3
 Hailstorm                Conj/Ice       0%         3d3       99%         3
 Ozocubu's Armour         Ice            0%         N/A       99%         3
 Sigil of Binding         Hex            0%         N/A       99%         3
 Vampiric Draining        Necr           0%         2d6       99%         3
 Airstrike                Air            0%         2d(0-16)  100%        4
 Dimensional Bullseye     Hex/Tloc       0%         N/A       100%        4
 Fulminant Prism          Conj/Hex       0%         3d5       100%        4
 Leda's Liquefaction      Hex/Erth       0%         N/A       100%        4
 Summon Lightning Spire   Summ/Air       0%         N/A       100%        4
 Agony                    Necr           0%         N/A       100%        5
 Metabolic Englaciation   Hex/Ice        0%         N/A       100%        5
 Silence                  Hex/Air        0%         N/A       100%        5
 Malign Gateway           Summ/Tloc      0%         N/A       100%        7
 Summon Horrible Things   Summ           0%         N/A       100%        8
 Simulacrum               Ice/Necr       Unusable   N/A       N/A         6

Dungeon Overview and Level Annotations

Branches:
Dungeon (15/15)            Temple (1/1) D:5            Lair (2/5) D:8
    Orc (0/2) D:12         Vaults (0/5) D:14         Depths (0/4) D:15
  Sewer (visited)
  Swamp: Lair:2-3    Shoals: Lair:2-3     Snake: Lair:2-3    Spider: Lair:2-3

Altars:
Ashenzari
Cheibriados
Dithmenos
Elyvilon
Fedhas
Gozag
Hepliaklqana
Kikubaaqudgha
Makhleb
Nemelex Xobeh
Okawaru
Qazlal
Ru
Sif Muna
Trog
Uskayaw
Vehumet
Wu Jian
Xom
Yredelemnul
Zin
The Shining One

Shops:
D:6 =   D:9 [   D:13 [


Innate Abilities, Weirdness & Mutations

You are a hulking beast.
Your limbs bulge with bestial killing power. (Slay +3)
You have a pair of horns on your head.
You reflexively headbutt those who attack you in melee.


Message History

The seven-headed hydra misses you.
You hack one of the seven-headed hydra's heads off!
The six-headed hydra grows two more!
You slice the eight-headed hydra!!
The eight-headed hydra is heavily wounded.
The eight-headed hydra bites you! The eight-headed hydra bites you.
The eight-headed hydra bites you but does no damage. x2
The eight-headed hydra bites you.
The eight-headed hydra bites you but does no damage.
The eight-headed hydra completely misses you.
The eight-headed hydra bites you but does no damage.
As you read the scroll of teleportation, it crumbles to dust.
You feel strangely unstable. The eight-headed hydra misses you.
You furiously retaliate!
You headbutt the eight-headed hydra. The eight-headed hydra bites you.
The eight-headed hydra barely misses you.
The eight-headed hydra bites you but does no damage.
The eight-headed hydra bites you!
* * * LOW HITPOINT WARNING * * *
The eight-headed hydra bites you but does no damage.
The eight-headed hydra bites you.
* * * LOW HITPOINT WARNING * * *
The eight-headed hydra misses you.
You hear a bellow!
The eight-headed hydra attacks as it pursues you!
The eight-headed hydra bites you but does no damage.
The eight-headed hydra bites you!
* * * LOW HITPOINT WARNING * * *
The eight-headed hydra closely misses you.
The eight-headed hydra bites you but does no damage.
The eight-headed hydra closely misses you.
The eight-headed hydra bites you.
* * * LOW HITPOINT WARNING * * *
The eight-headed hydra bites you!
* * * LOW HITPOINT WARNING * * *
The eight-headed hydra closely misses you.
The eight-headed hydra closely misses you.
You furiously retaliate!
You headbutt the eight-headed hydra! The eight-headed hydra bites you!
You die...
Your body crumbles into a pile of gold.

#P..........
#P..........
##..........
#..........
##..........
#....F......
##.........
#.+P##..P
##h######
#.D...##
###.#..#
##..#.+###
##...$..Y.####.
#......$.......
##.....$..P....
#.....$..+....
#........# ..(


You could see an eight-headed hydra and a cane toad.

Vanquished Creatures
  Agnes (D:15)
  An eleionoma (shapeshifter) (D:13)
  A deep elf annihilator (D:15)
  A blizzard demon (D:12)
  The ghost of bchevrier the Prestidigitator, a journeyman GnWn of Hepliaklqana (D:12)
  Erolcha (D:10)
  A hydra (D:13)
  4 vault guards (D:14)
  A catoblepas (D:12)
  7 centaur warriors
  8 two-headed ogres
  A death knight (D:15)
  A boulder beetle (D:12)
  A deep troll earth mage (D:15)
  2 tengu warriors
  5 skeletal warriors (D:15)
  2 wizards
  3 deep elf pyromancers
  12 ugly things
  6 manticores
  A salamander (shapeshifter) (D:14)
  2 cyclopes (D:14)
  A black mamba (Lair:2)
  8 cane toads
  A cane toad (shapeshifter) (D:15)
  An unseen horror (D:12)
  3 gargoyles
  2 freezing wraiths (D:15)
  A kobold demonologist (D:12)
  3 efreet
  2 rime drakes (D:12)
  An ice devil (D:12)
  3 tengu conjurers
  2 komodo dragons
  A meliai (shapeshifter) (D:15)
  A queen bee (D:10)
  3 trolls
  3 hornets
  3 blink frogs (Lair:1)
  6 centaur simulacra (D:12)
  A water elemental (D:11)
  The ghost of knightboat the Magician, an amateur DEHs (D:4)
  2 slime creatures
  21 yaks
  A shadow (D:12)
  6 wraiths
  2 vampires
  A wyvern (D:7)
  2 basilisks
  Grum (Lair:1)
  8 vampire mosquitoes
  Eustachio (D:5)
  Menkaure (D:7)
  A steam dragon (D:9)
  2 acid dragons
  4 water moccasins
  2 ice beasts
  2 orc warriors
  3 sky beasts
  A black bear (shapeshifter) (D:14)
  2 black bears
  A meliai simulacrum (D:12)
  8 wolves (Lair:1)
  2 ogres
  11 centaurs
  A kobold brigand (D:9)
  2 bullfrogs
  A gnoll sergeant (D:4)
  3 scorpions
  8 wights
  36 killer bees
  7 electric eels (D:11)
  A howler monkey (D:5)
  2 jellies
  4 hounds
  A gnoll bouda (D:4)
  7 orc priests
  A sleepcap (D:5)
  Ijyb (D:5)
  9 iguanas
  8 orc wizards
  A hell rat (Sewer)
  A boggart simulacrum (D:12)
  16 gnolls
  6 adders
  2 river rats (Sewer)
  2 white imps
  4 worms
  32 orcs
  8 endoplasms
  3 giant cockroaches
  8 goblins
  6 hobgoblins
  8 quokkas
  9 ball pythons
  A bat (D:1)
  4 frilled lizards
  13 kobolds
  11 rats
422 creatures vanquished.

Notes
Turn   | Place    | Note
-------+----------+-------------------------------------------
     0 | D:1      | Fodor the Minotaur Fighter began the quest for the Orb.
     0 | D:1      | Reached XP level 1. HP: 19/19 MP: 0/0
   279 | D:1      | You fall into a shaft and drop 1 floor!
   369 | D:1      | Reached XP level 2. HP: 13/27 MP: 1/1
   618 | D:1      | Noticed a great orb of eyes
   620 | D:1      | Found a faded altar of an unknown god.
   622 | D:1      | Noticed a golden eye
   623 | D:1      | Noticed a golden eye
   623 | D:1      | Noticed a floating eye
  1286 | D:2      | Reached XP level 3. HP: 33/33 MP: 2/2
  1650 | D:2      | Reached XP level 4. HP: 40/40 MP: 3/3
  2216 | D:4      | Found a transporter.
  2235 | D:4      | Identified the +2 kite shield "Balask" {+Blink SInv}
  2235 | D:4      | Noticed a gnoll sergeant
  2364 | D:4      | Found a transporter.
  2394 | D:4      | Reached skill level 1 in Polearms
  2396 | D:4      | Reached skill level 1 in Maces & Flails
  2399 | D:4      | Killed a gnoll sergeant
  2400 | D:4      | Reached skill level 5 in Armour
  2400 | D:4      | Reached XP level 5. HP: 23/46 MP: 4/4
  2407 | D:4      | HP: 2/47 [poisoned by a gnoll]
  2500 | D:4      | Noticed knightboat's ghost (amateur DEHs)
  2518 | D:4      | Killed knightboat's ghost
  2519 | D:4      | Reached skill level 2 in Polearms
  2519 | D:4      | Reached skill level 1 in Dodging
  2519 | D:4      | Reached skill level 1 in Shapeshifting
  2519 | D:4      | Reached XP level 6. HP: 55/55 MP: 5/5
  3090 | D:4      | Reached XP level 7. HP: 60/60 MP: 6/6
  3102 | D:4      | Reached skill level 3 in Polearms
  3108 | D:4      | Reached skill level 5 in Fighting
  3351 | D:5      | Entered Level 5 of the Dungeon
  3414 | D:5      | Noticed Ijyb
  3428 | D:5      | Killed Ijyb
  3522 | D:5      | Found a glowing drain.
  3526 | Sewer    | Entered a sewer
  3597 | Sewer    | Reached skill level 4 in Polearms
  3668 | D:5      | Found a staircase to the Ecumenical Temple.
  3678 | Temple   | Entered the Ecumenical Temple
  3910 | D:5      | Noticed Eustachio
  3920 | D:5      | Reached skill level 5 in Shields
  3926 | D:5      | Killed Eustachio
  3927 | D:5      | Reached XP level 8. HP: 61/69 MP: 7/7
  4022 | D:5      | Reached skill level 5 in Polearms
  4386 | D:5      | Reached skill level 1 in Stealth
  4594 | D:6      | Reached skill level 6 in Polearms
  4654 | D:6      | Identified the amulet "Lorhari" {RegenMP Harm rElec MP+9
                  | Int-2}
  4698 | D:6      | Found Fybret's Jewellery Shop.
  4830 | D:6      | Found a sacrificial altar of Ru.
  4830 | D:6      | Found a blossoming altar of Fedhas.
  4907 | D:6      | Reached skill level 7 in Polearms
  5067 | D:6      | Reached XP level 9. HP: 75/75 MP: 8/8
  5069 | D:6      | Found a snail-covered altar of Cheibriados.
  5125 | D:7      | Noticed Menkaure
  5131 | D:7      | Killed Menkaure
  5151 | D:7      | Identified the +4 dagger "Jepot" {freeze, rF+ Stlth+}
  5287 | D:7      | Reached skill level 8 in Polearms
  5405 | D:7      | Found an opulent altar of Gozag.
  5453 | D:7      | Became a worshipper of Gozag Ym Sagoz the Greedy
  6094 | D:8      | Found a radiant altar of Vehumet.
  6287 | D:8      | Found a staircase to the Lair.
  6470 | D:8      | Found a bloodstained altar of Trog.
  6772 | D:8      | Reached skill level 9 in Polearms
  6778 | D:8      | Reached XP level 10. HP: 75/86 MP: 9/9
  7059 | D:9      | Upgraded the game from 0.31-a0-845-g9abc20d24f to
                  | 0.31-a0-846-gb3bcc0d938
  7332 | D:9      | Found a hide-covered altar of Uskayaw.
  7352 | D:9      | Noticed a two-headed ogre
  7370 | D:9      | Killed a two-headed ogre
  7371 | D:9      | Reached skill level 10 in Polearms
  7377 | D:9      | Paralysed by a hornet for 1 turns
  7383 | D:9      | Paralysed by a hornet for 2 turns
  7642 | D:9      | Found Vykolo's Armour Emporium.
  7645 | D:9      | Bought a +0 pair of boots of stealth for 195 gold pieces
  7947 | D:10     | Entered Level 10 of the Dungeon
  7970 | D:10     | Noticed Erolcha
  7970 | D:10     | Noticed a gargoyle
  7994 | D:10     | Killed a gargoyle
  8005 | D:10     | Killed Erolcha
  8116 | D:10     | Reached XP level 11. HP: 72/94 MP: 10/10
  8124 | D:10     | Reached skill level 11 in Polearms
  8280 | D:10     | Reached skill level 10 in Shields
  8947 | D:11     | Reached skill level 1 in Throwing
  9007 | D:11     | Noticed a two-headed ogre
  9015 | D:11     | Killed a two-headed ogre
  9306 | D:11     | Noticed a two-headed ogre
  9314 | D:11     | Killed a two-headed ogre
  9315 | D:11     | Reached skill level 12 in Polearms
  9315 | D:11     | Reached skill level 10 in Armour
  9628 | D:11     | Noticed a two-headed ogre
  9640 | D:11     | Killed a two-headed ogre
  9845 | D:12     | Noticed a blizzard demon
  9846 | D:12     | Noticed bchevrier's ghost (journeyman GnWn)
  9910 | D:12     | Noticed a catoblepas
  9948 | D:12     | Killed a catoblepas
 10025 | D:12     | Noticed a two-headed ogre
 10035 | D:12     | Killed a two-headed ogre
 10131 | D:12     | Noticed a boulder beetle
 10188 | D:12     | Killed a boulder beetle
 10189 | D:12     | Reached XP level 12. HP: 69/104 MP: 11/11
 10258 | D:12     | Found a staircase to the Orcish Mines.
 10345 | D:12     | Found a runed translucent gate.
 10345 | D:12     | Found a runed translucent gate.
 10345 | D:12     | Found a runed translucent gate.
 10416 | D:12     | Noticed a two-headed ogre
 10429 | D:12     | Killed a two-headed ogre
 10725 | D:13     | Noticed a centaur warrior
 10733 | D:13     | Killed a centaur warrior
 10734 | D:13     | Reached skill level 13 in Polearms
 10860 | D:13     | Noticed a five-headed hydra
 10863 | D:13     | Noticed a two-headed ogre
 11124 | D:13     | Noticed a centaur warrior
 11134 | D:13     | Killed a centaur warrior
 11135 | D:13     | Reached skill level 5 in Dodging
 11162 | D:13     | Bought +1 storm dragon scales for 1131 gold pieces
 11193 | D:13     | Killed a five-headed hydra
 11210 | D:13     | Reached skill level 5 in Shapeshifting
 11456 | D:13     | Noticed a tengu warrior
 11472 | D:13     | Killed a tengu warrior
 11554 | D:13     | Killed a two-headed ogre
 11555 | D:13     | Reached skill level 10 in Fighting
 11601 | D:13     | Noticed a centaur warrior
 11615 | D:13     | Killed a centaur warrior
 11806 | D:13     | Noticed an eleionoma
 11822 | D:13     | Killed an eleionoma
 11913 | D:14     | Noticed a centaur warrior
 11938 | D:14     | Killed a centaur warrior
 11955 | D:14     | Reached XP level 13. HP: 70/113 MP: 12/12
 11962 | D:14     | Reached skill level 14 in Polearms
 11976 | D:14     | HP: 5/113 [centaur warrior/arrow (9)]
 11981 | D:14     | HP: 4/113 [centaur warrior/arrow (7)]
 12506 | D:14     | Found a gate to the Vaults.
 13018 | D:15     | Entered Level 15 of the Dungeon
 13269 | D:15     | Found a glowing golden altar of the Shining One.
 13352 | D:15     | Found a staircase to the Depths.
 13353 | D:15     | Noticed a deep elf annihilator
 13376 | D:15     | Killed a deep elf annihilator
 13377 | D:15     | Reached skill level 15 in Polearms
 13641 | D:15     | Reached XP level 14. HP: 105/124 MP: 13/13
 13777 | D:15     | Upgraded the game from 0.31-a0-846-gb3bcc0d938 to
                  | 0.31-a0-848-gaac375c287
 13946 | D:15     | Noticed Agnes
 13959 | D:15     | Killed Agnes
 14423 | D:12     | Killed bchevrier's ghost
 14430 | D:12     | Reached skill level 1 in Staves
 14743 | Lair:1   | Entered Level 1 of the Lair of Beasts
 15200 | Lair:1   | Noticed Grum
 15224 | Lair:1   | Killed Grum
 15832 | Lair:2   | Reached skill level 5 in Staves
 15863 | Lair:2   | HP: 3/126 [eight-headed hydra (8)]
 15864 | Lair:2   | Slain by an eight-headed hydra

Illustrated notes

Levels and vault maps discovered:
D:1:      scummos_arrival_hexagon, layout_basic,
          hellmonk_ecumenical_altar_watching_god, minmay_misc_feat_hallway
D:2:      layout_basic, guppyfry_early_orc_mine
D:3:      layout_rooms
D:4:      minmay_octagon_keep, layout_loops_ring, gammafunk_ghost_gnarly_gnolls
D:5:      layout_loops_corners, minmay_temple_entry_mini_moons,
          gup_sewer_entry_spiral, minmay_misc_feat_roman, uniq_eustachio,
          uniq_ijyb
D:6:      layout_rooms, slow_altar_2, gammafunk_temple_overflow_pools,
          kennysheep_diamond, minmay_misc_feat_room, nrook_campfire
D:7:      layout_cave_pods, nicolae_gozag_cash_rules_everything_around_me,
          uniq_menkaure
D:8:      layout_gridville, trog_three_pillars_becter, vehumet_altar_wand_db,
          lair_entry_dummy
D:9:      layout_gridville, eat_drink_and_be_merry_uskayaw, serial_shops,
          kennysheep_mini
D:10:     layout_roguey [special_room_bee], uniq_erolcha
D:11:     layout_basic, minmay_lizard_king
D:12:     layout_loops_ring, orc_0_dummy, gammafunk_ghost_icy
D:13:     minmay_the_grid_square_5x5_3x3 [minmay_the_grid_square_5x5_two,
          minmay_the_grid_square_5x5_c, minmay_the_grid_square_5x5_two_walls_b,
          minmay_the_grid_square_5x5_n,
          minmay_the_grid_square_5x5_megaprize_hollow,
          minmay_the_grid_square_5x5_trominoes, minmay_the_grid_square_5x5_bite,
          minmay_the_grid_square_5x5_percent,
          minmay_the_grid_square_5x5_shrine2], layout_gridville,
          serial_bayou_pond_d, serial_park_tiny_1
D:14:     layout_rooms, lightli_vaults_fourway_checkpoint, serial_bayou_pond_e
D:15:     hellmonk_depths_entry_around_the_bend, layout_loops_ring,
          amcnicky_mini_pool_small, nicolae_tso_swordbearing_angel, uniq_agnes
Temple:   nicolae_temple_bog_church
Lair:1:   layout_cave_pods, st_stairs_12, nicolae_quartered_pool_medium,
          uniq_grum
Lair:2:   layout_roguey, st_stairs_12, grunt_megastairs_2, lemuel_fruit_tree,
          uniq_gastronok

Skill      XL: |  1  2  3  4  5  6  7  8  9 10 11 12 13 14 |
---------------+-------------------------------------------+-----
Armour         | 4 5 6 8 9 10 12 13 14 | 14.0
Long Blades    | 3 |  3.9
Fighting       | 4 5 7 8 9 10 11 12 | 12.0
Polearms       | 1 2 4 7 9 10 12 13 15 | 15.6
Maces & Flails | 1 3 |  3.3
Dodging        | 1 2 3 4 5 |  5.8
Shields        | 4 5 6 7 9 10 12 13 | 13.3
Shapeshifting  | 1 2 3 4 5 6 |  6.4
Stealth        | 1 2 |  2.7
Throwing       | 1 3 |  3.7
Staves         | 5 |  5.3
Evocations     | |  0.1

Action                     |  1- 3 |  4- 6 |  7- 9 | 10-12 | 13-15 || total
---------------------------+-------+-------+-------+-------+-------++-------
  Melee: Long sword        |    67 |       |       |       |       ||    67
         Headbutt          |     7 |    16 |    68 |   133 |   139 ||   363
         Flail             |    17 |    17 |       |       |       ||    34
         Trident           |       |    53 |   312 |   614 |   184 ||  1163
         Halberd           |       |       |       |       |   169 ||   169
         Lajatang          |       |       |       |       |   147 ||   147
  Throw: Dart              |       |     1 |       |    24 |     9 ||    34
         Javelin           |       |       |       |     6 |     7 ||    13
         Boomerang         |       |       |       |       |     4 ||     4
 Invoke: Call Merchant     |       |       |       |     1 |       ||     1
  Evoke: Lightning rod     |       |       |       |       |     2 ||     2
         Tin of tremorston |       |       |       |       |     1 ||     1
    Use: Potion            |       |     4 |       |     5 |     6 ||    15
         Scroll            |       |     1 |       |    14 |    10 ||    25
   Stab: Distracted        |       |       |       |     3 |     1 ||     4
 Armour: Scale mail        |    68 |    38 |       |       |       ||   106
         Chain mail        |       |     2 |   136 |   281 |       ||   419
         Storm dragon scal |       |       |       |    99 |   413 ||   512
         Skin              |       |       |       |     3 |       ||     3
  Dodge: Dodged            |    54 |    64 |   149 |   335 |   344 ||   946
  Block: Buckler           |    22 |    15 |       |       |       ||    37
         Kite shield       |       |    16 |   199 |   407 |   104 ||   726
         Form:             |     1 |       |       |       |       ||     1
         Storm             |     1 |       |       |       |       ||     1
         Beast             |     1 |       |       |       |       ||     1

Table legend: (Time is in decaauts)
 A = Elapsed time spent in this place.
 B = Non-inter-level travel time spent in this place.
 C = Inter-level travel time spent in this place.
 D = Time resting spent in this place.
 E = Time spent auto-exploring this place.
 F = Levels seen in this place.
 G = Mean time per level.
                   A        B        C        D        E       F      G
               +--------+--------+--------+--------+--------+-----+--------+
         Total |  15821 |  15137 |    684 |   1239 |      0 |  19 |  832.7 |
       Dungeon |  14509 |  13917 |    592 |   1185 |      0 |  15 |  967.3 |
        Temple |     93 |     93 |      0 |      0 |      0 |   1 |   93.0 |
          Lair |   1108 |   1016 |     92 |     54 |      0 |   2 |  554.0 |
         Sewer |    110 |    110 |      0 |      0 |      0 |   1 |  110.0 |
               +--------+--------+--------+--------+--------+-----+--------+

Top non-repeatable levels by time:
    D:15: 1293 daAuts
    D:11: 1243 daAuts
    D:13: 1240 daAuts
     D:4: 1198 daAuts
    D:14: 1102 daAuts
     D:5: 1073 daAuts
     D:1: 1068 daAuts
    D:12: 1044 daAuts
     D:9: 1011 daAuts
  Lair:1: 983 daAuts
     D:7: 967 daAuts
     D:8: 965 daAuts
     D:2: 752 daAuts
    D:10: 582 daAuts
     D:6: 578 daAuts
